 Dungeon Crawl Stone Soup version 0.29-a0-468-ge57f7f99b4 (webtiles) character file.

Game seed: 11647315448088545359

47 xian the Conjurer (level 3, -5/24 HPs)
             Began as a Demonspawn Conjurer on May 21, 2022.
             Slain by Terence
             ... wielding a +0 flail
              (9 damage)
             ... on level 2 of the Dungeon.
             The game lasted 00:03:02 (1179 turns).

xian the Conjurer (Demonspawn Conjurer)             Turns: 1179, Time: 00:03:03

Health: -5/24      AC:  3    Str:  7    XL:     3   Next: 48%
Magic:  0/6        EV: 12    Int: 21    God:
Gold:   63         SH:  0    Dex: 11    Spells: 5/6 levels left

rFire   . . .      SeeInvis .   d - +0 spear
rCold   . . .      Faith    .   (no shield)
rNeg    . . .      Spirit   .   a - +0 robe
rPois   .          Reflect  .   (helmet restricted)
rElec   .          Harm     .   c - +0 cloak
rCorr   .          Rampage  .   (no gloves)
Will    .....                   (no boots)
Stlth   ++........              (no amulet)
HPRegen 0.08/turn               (no ring)
MPRegen 0.10/turn               (no ring)

@: no status effects
A: antennae 2
a: no special abilities


You were on level 2 of the Dungeon.
You visited 1 branch of the dungeon, and saw 2 of its levels.

You collected 63 gold pieces.

Inventory:

Hand Weapons
 d - a +0 spear (weapon)
Armour
 a - a +0 robe (worn)
 c - a +0 cloak (worn)
Scrolls
 e - a scroll of noise {unknown}
 g - a scroll of blinking {unknown}
 h - a scroll of teleportation {unknown}
 j - a scroll of vulnerability {unknown}
 l - a scroll of identify {unknown}
Potions
 b - a potion of magic
 f - a potion of attraction {unknown}
 i - a potion of haste
 k - a potion of mutation {unknown}
 m - a potion of resistance {unknown}


   Skills:
 + Level 2.0 Dodging
 + Level 2.0 Stealth
 + Level 2.2 Spellcasting
 + Level 4.8 Conjurations


You had 5 spell levels left.
You knew the following spells:

 Your Spells              Type           Power      Damage    Failure   Level
a - Magic Dart            Conj           88%        1d7       1%          1

Your spell library contained the following spells:

 Spells                   Type           Power      Damage    Failure   Level
 Searing Ray              Conj           44%        2d6       3%          2
 Apportation              Tloc           4%         N/A       14%         1
 Necrotize                Necr           8%         1d4       14%         1
 Summon Small Mammal      Summ           8%         N/A       14%         1
 Dazzling Flash           Conj/Hex       24%        N/A       16%         3
 Fulminant Prism          Conj/Hex       6%         3d7       45%         4
 Iskenderun's Mystic Bla  Conj/Tloc      12%        2d5       45%         4


Dungeon Overview and Level Annotations

Branches:
Dungeon (2/15)

Altars:

Annotations:
D:2 Terence


Innate Abilities, Weirdness & Mutations

You have a pair of antennae on your head.


Message History

The endoplasm quivers.
The magic dart hits the endoplasm.
The endoplasm is almost dead.
The magic dart hits the endoplasm.
You kill the endoplasm!
The magic dart hits the hobgoblin but does no damage.
The hobgoblin shouts!
Terence the Incautious comes into view.
He is wielding a +0 flail and wearing a +1 chain mail of poison resistance.
The magic dart hits Terence but does no damage.
Terence shouts!
You hear a shout!
Terence drinks a potion.
Terence seems to speed up.
Casting: Magic Dart (safe; 1% risk of failure)
Confirm with . or Enter, or press ? or * to list all spells.
You don't know that spell.
The magic dart hits Terence but does no damage.
Terence hits you with a +0 flail!
You are too injured to fight recklessly!
You are too injured to fight recklessly!
You are too injured to fight recklessly!
Unknown command.
Aiming: Magic Dart (safe; 1% risk of failure)
Press: ? - help, Q - select action Shift-Dir - straight line, f/p - Terence
Aim: Terence, wielding a +0 flail and wearing a +1 chain mail of poison resistance (fast, 100% to hit)
The magic dart hits Terence.
Terence is lightly wounded.
Terence hits you but does no damage.
Aiming: Magic Dart (safe; 1% risk of failure)
Press: ? - help, Q - select action Shift-Dir - straight line, f/p - Terence
Aim: Terence, wielding a +0 flail and wearing a +1 chain mail of poison resistance (lightly wounded, fast, 100% to hit)
The magic dart hits Terence but does no damage.
Terence is lightly wounded.
Terence hits you with a +0 flail.
* * * LOW HITPOINT WARNING * * *
Terence barely misses you. Terence attacks as you move away!
Terence barely misses you. Terence hits you with a +0 flail.
* * * LOW HITPOINT WARNING * * *
Terence barely misses you.
You barely miss the hobgoblin. Terence hits you with a +0 flail!
You die...

#.......# #.#.........# #######.#
#.......# #.# ###...### #.# #...#
####### #.# #...##### .. #.....#
####.#########)..#...#.#
#....<###....##................##
#.........####...@...............
#.....##..# #..@g....<.......?.#
#.....##..####.#######...#...#..#
######......##.# #...##### ..
#.#.......# ....... #.#.##.#..#
#.....#.# #.#.......# #.....#.#
#.####†#.## #.....# # ##.####.#.#
#...... #####.........#


You could see Terence (fast) and a hobgoblin.

Vanquished Creatures
  Jessica (D:2)
  2 ball pythons
  3 endoplasms
  A goblin (D:1)
  4 hobgoblins
  A quokka (D:1)
  3 bats
  A frilled lizard (D:1)
  2 kobolds (D:1)
  2 rats (D:1)
20 creatures vanquished.

Notes
Turn   | Place    | Note
-------+----------+-------------------------------------------
     0 | D:1      | xian the Demonspawn Conjurer began the quest for the Orb.
     0 | D:1      | Reached XP level 1. HP: 13/13 MP: 3/3
   420 | D:1      | Gained mutation: You have a pair of small antennae on your
                  | head. [demonic ancestry]
   420 | D:1      | Reached XP level 2. HP: 19/19 MP: 0/5
  1068 | D:2      | Noticed Jessica
  1074 | D:2      | Killed Jessica
  1075 | D:2      | Gained mutation: You have a pair of antennae on your head.
                  | [demonic ancestry]
  1075 | D:2      | Reached XP level 3. HP: 10/24 MP: 0/6
  1163 | D:2      | Noticed Terence
  1179 | D:2      | Slain by Terence

Illustrated notes

Levels and vault maps discovered:
D:1:      nzn_arrival_settlement, layout_rooms
D:2:      layout_loops_cross, minmay_pentomino_z2, uniq_jessica, uniq_terence

Skill      XL: |  1  2 |
---------------+-------+-----
Dodging        | 2 |  2.0
Stealth        | 2 |  2.0
Spellcasting   | |  2.2
Conjurations   | |  4.8

Action                   || total
-------------------------++-------
Melee: Unarmed           ||     7
       Spear             ||     8
 Cast: Magic Dart        ||    43
Armor: Robe              ||    14
Dodge: Dodged            ||    14

Table legend: (Time is in decaauts)
 A = Elapsed time spent in this place.
 B = Non-inter-level travel time spent in this place.
 C = Inter-level travel time spent in this place.
 D = Time resting spent in this place.
 E = Time spent auto-exploring this place.
 F = Levels seen in this place.
 G = Mean time per level.
                   A        B        C        D        E       F      G
               +--------+--------+--------+--------+--------+-----+--------+
         Total |   1178 |   1157 |     21 |     40 |    874 |   2 |  589.0 |
       Dungeon |   1178 |   1157 |     21 |     40 |    874 |   2 |  589.0 |
               +--------+--------+--------+--------+--------+-----+--------+

Top non-repeatable levels by time:
     D:1: 909 daAuts
     D:2: 269 daAuts
